 Dungeon Crawl Stone Soup version 0.16.2-12-gd0ad4c3 (webtiles) character file.

227253 Kloppie the Warrior (level 20, -2/165 HPs)
             Began as a Formicid Fighter on Nov 1, 2015.
             Was the Champion of Yredelemnul.
             Killed from afar by a golden dragon (40 damage)
             ... with a bolt of fire
             ... on level 5 of the Vaults.
             The game lasted 02:39:03 (53195 turns).

Kloppie the Warrior (Formicid Fighter)             Turns: 53195, Time: 02:39:03

Health: -2/165     AC: 22    Str: 27    XL:     20   Next: 16%
Magic:  24/35      EV: 16    Int: 12    God:    Yredelemnul [******]
Gold:   3689       SH: 21    Dex: 12    Spells: 0 memorised, 19 levels left

rFire  . . .     SeeInvis +     E - +1 dire flail (venom)
rCold  + . .     Clarity  .     s - +3 chain mail "Psef" {rC+ Int+3}
rNeg   . . .     SustAb   .     L - +0 large shield
rPois  .         Gourm    .     (helmet unavailable)
rElec  .         Spirit   .     F - +0 cloak
rCorr  +         Warding  .     i - +1 pair of gloves
rMut   .         Stasis   +     p - +0 pair of boots
MR     ++++.                    z - amulet of resist corrosion
Stlth  ..........               x - ring of protection from magic
                                C - ring of protection from magic

@: wreathed by umbra, incredibly resistant to hostile enchantments, extremely
unstealthy
A: permanent stasis, dig shafts and tunnels, four strong arms, antennae 3
a: Dig, Shaft Self, Animate Dead, Recall Undead Slaves, Injury Mirror, Drain
Life, Enslave Soul, Renounce Religion
}: 1/15 runes: serpentine


You were on level 5 of the Vaults.
You worshipped Yredelemnul.
Yredelemnul was exalted by your worship.
You were hungry.

You visited 7 branches of the dungeon, and saw 40 of its levels.

You collected 4277 gold pieces.
You spent 588 gold pieces at shops.

Inventory:

Hand weapons
 u - a +0 arbalest
 E - a +1 dire flail of venom (weapon)
 G - a +1 morningstar of crushing
Missiles
 D - 19 bolts of penetration
Armour
 i - a +1 pair of gloves (worn)
 p - a +0 pair of boots (worn)
 s - the +3 chain mail "Psef" (worn) {rC+ Int+3}
   (You bought it in a shop on level 4 of the Orcish Mines)

   It affects your intelligence (+3).
   It protects you from cold.
 F - a +0 cloak (worn)
 L - a +0 large shield (worn)
Jewellery
 r - an uncursed ring of protection from fire
 w - an uncursed ring of sustain abilities
 x - a ring of protection from magic (right hand)
 z - an amulet of resist corrosion (around neck)
 C - a ring of protection from magic (left hand)
 H - an uncursed ring of flight
 K - an uncursed amulet of resist mutation
 N - an uncursed ring of ice
 Q - an uncursed ring of invisibility {unknown}
Magical devices
 q - a wand of slowing (14)
 A - a wand of polymorph (15)
 J - a wand of disintegration (11)
 M - a wand of digging (7)
Scrolls
 h - 17 scrolls of identify
 j - 4 scrolls of fog
 k - a scroll of enchant armour
 l - 5 scrolls of remove curse
 n - a scroll of summoning
 v - 6 scrolls of recharging
 y - 4 scrolls of fear
 B - 5 scrolls of magic mapping
Potions
 c - a potion of invisibility
 e - 5 potions of might
 f - 9 potions of curing
 o - 2 potions of restore abilities
 I - a potion of resistance
 P - a potion of beneficial mutation {unknown}
 S - 5 potions of heal wounds
Books
 a - a book of Transfigurations

   Spells                             Type                      Level
   a - Stoneskin                      Transmutation/Earth          2
   b - Irradiate                      Conjuration/Transmutation    5
   c - Statue Form                    Transmutation/Earth          6
   d - Hydra Form                     Transmutation                6
   e - Dragon Form                    Transmutation                7
 g - a book of Spatial Translocations

   Spells                             Type                      Level
   a - Apportation                    Translocation                1
   b - Blink                          Translocation                2
   c - Shroud of Golubria             Charms/Translocation         2
   d - Portal Projectile              Translocation                3
   e - Teleport Other                 Translocation                3
   f - Passage of Golubria            Translocation                4
 m - the Volume of Summoning
   (You found it on level 1 of the Elven Halls)

   Spells                             Type                      Level
   a - Summon Butterflies             Summoning                    1
   b - Abjuration                     Summoning                    3
   c - Recall                         Summoning/Translocation      3
   d - Summon Ice Beast               Ice/Summoning                4
   e - Summon Mana Viper              Hexes/Summoning              5
 t - a Necronomicon {highlevel, unknown}

   This book is beyond your current level of understanding.

   Spells                             Type                      Level
   a - Haunt                          Necromancy/Summoning         7
   b - Borgnjor's Revivification      Necromancy                   8
   c - Death's Door                   Charms/Necromancy            8
   d - Necromutation                  Transmutation/Necromancy     8
 O - a book of Maledictions

   Spells                             Type                      Level
   a - Corona                         Hexes                        1
   b - Sure Blade                     Hexes/Charms                 2
   c - Ensorcelled Hibernation        Hexes/Ice                    2
   d - Confuse                        Hexes                        3
   e - Dazzling Spray                 Conjuration/Hexes            3
   f - Enslavement                    Hexes                        4
 R - a book of the Dragon

   Spells                             Type                      Level
   a - Flight                         Charms/Air                   3
   b - Cause Fear                     Hexes                        4
   c - Bolt of Fire                   Conjuration/Fire             6
   d - Dragon Form                    Transmutation                7
   e - Dragon's Call                  Summoning                    9
Comestibles
 b - 2 meat rations
 d - 17 bread rations


   Skills:
 + Level 16.2 Fighting
 - Level 14.0 Maces & Flails
 - Level 8.4 Crossbows
 - Level 15.0 Armour
 - Level 15.0 Dodging
 - Level 15.0 Shields
 - Level 12.0 Invocations


You had 19 spell levels left.
You didn't know any spells.

Dungeon Overview and Level Annotations

Branches:
Dungeon (15/15)            Temple (1/1) D:4            Lair (8/8) D:11
 Shoals (0/5) Lair:3        Snake (5/5) Lair:3        Slime (0/6) Lair:8
    Orc (4/4) D:12            Elf (2/3) Orc:4        Vaults (5/5) D:13
  Crypt (0/3) Vaults:2     Depths (0/5) D:15

Altars:
Ashenzari
Cheibriados
Dithmenos
Elyvilon
Fedhas
Gozag
Kikubaaqudgha
Makhleb
Nemelex Xobeh
Okawaru
Qazlal
Ru
Sif Muna
Trog
Vehumet
Xom
Yredelemnul
Zin
The Shining One
Beogh

Shops:
D:6 ?   Orc:4 (:[=   Snake:2 %   Vaults:2 }   Vaults:3 ?

Annotations:
Elf:2 3 runed doors


Innate Abilities, Weirdness & Mutations

You are under a permanent stasis effect.
You can dig through walls and to a lower floor.
Your four strong arms can wield two-handed weapons with a shield.
You have a pair of large antennae on your head (SInv).


Message History

There is an open door, spattered with blood here.
Things that are here:
a great mace; a chain mail; 2 large rocks You hit the vault warden but do no damage.
The vault warden looks even sicker.
The vault warden is almost dead.
Something barely misses your human zombie.
Something blocks your human zombie's attack.
The boulder beetle closely misses you.
You barely miss the vault warden.
The vault warden is almost dead.
Something hits your human zombie!!
Your human zombie convulses!
Something completely misses your human zombie.
The titan hits you!!
* * * LOW HITPOINT WARNING * * *
The golden dragon breathes fire at you.
The bolt of fire hits the boulder beetle.
The bolt of fire hits you!
You die...
Your body rises from the dead as a mindless zombie.

. .............ZZZZZ ..
#####....Z.....#.Z{ ....
#).Z#....{.Z...#Z{. #..
#ZZZ#...#####..#{..
#...#ZZZ#...# #..#...
#...##Z##...# #..#...
#....ZAZZZ..# #..#...
#...ZZAAZZ..# #..#...
.......##@##{e........#...
......#CBp#{...... . ...
..... #DX.#....... ....
#...#.....) . #####.....
....# .


You could see a tentacled monstrosity, a titan, a golden dragon, a vault warden,
a boulder beetle shaped shifter, 3 friendly profane servitors, a friendly
spectral frost giant, a friendly boulder beetle zombie, a friendly orc zombie,
12 friendly human zombies and a friendly ghoul skeleton.

Vanquished Creatures
  2 tengu reavers (Vaults:4)
  A sphinx (Vaults:3)
  Roxanne (Snake:4)
  A greater naga (Snake:2)
  2 vault wardens
  A deep elf sorcerer (Elf:1)
  Gastronok (D:8)
  2 ironheart preservers (Vaults:4)
  2 stone giants (Vaults:3)
  A deep elf demonologist (Elf:1)
  A deep elf annihilator (Elf:1)
  An unborn (Vaults:2)
  An ettin (Vaults:3)
  3 vault guards (Vaults:5)
  A yaktaur captain (Vaults:4)
  A great orb of eyes (Vaults:4)
  An ice dragon (Vaults:3)
  4 hydras
  A naga warrior (Snake:4)
  Erica (Lair:6)
  A death knight (Vaults:2)
  An anaconda (Snake:4)
  2 dancing weapons
  A catoblepas (Lair:8)
  5 centaur warriors
  4 ogre magi
  10 death yaks
  A shock serpent (Snake:1)
  3 skeletal warriors
  7 deep elf knights
  An unseen horror (D:11)
  A swamp dragon (shapeshifter) (Vaults:5)
  A deep troll (Vaults:3)
  A shadow wraith (Vaults:2)
  2 ironbrand convokers
  Pikel (D:8)
  7 deep elf summoners
  4 hill giants
  6 orc knights
  5 deep elf conjurers
  2 griffons
  7 ugly things
  A harpy (Vaults:1)
  An orb spider (shapeshifter) (Vaults:4)
  3 orc sorcerers (Orc:4)
  A wolf spider (Vaults:1)
  2 salamanders
  A manticore (D:15)
  2 centaur zombies
  2 hornets
  2 sirens (Lair:3)
  3 cyclopes
  A shining eye (shapeshifter) (Vaults:5)
  A guardian serpent (Snake:1)
  2 necromancers
  19 black mambas
  A vault sentinel (Vaults:2)
  4 spiny frogs
  2 gargoyles
  2 naga magi (Snake:4)
  3 elephants
  2 demonic crawlers (Elf:1)
  A kobold demonologist (Vaults:2)
  6 deep elf priests
  A spriggan druid (Lair:8)
  4 komodo dragons
  2 tengu conjurers (D:15)
  5 polar bears (Lair:8)
  13 yaktaurs
  5 freezing wraiths
  5 trolls
  A two-headed ogre (shapeshifter) (Vaults:3)
  8 two-headed ogres
  6 blink frogs
  4 boulder beetles
  6 slime creatures
  A trapdoor spider (D:15)
  A raven (shapeshifter) (Vaults:2)
  3 wyverns
  A vampire (Vaults:1)
  5 spriggans (Lair:8)
  26 yaks
  9 deep elf magi
  6 redbacks
  4 hungry ghosts
  2 wraiths (Vaults:1)
  7 vampire mosquitoes
  17 water moccasins
  4 hippogriffs
  14 deep elf fighters
  A soldier ant (D:15)
  16 wolves
  Edmund (D:9)
  13 nagas
  Menkaure (D:5)
  6 wargs
  2 steam dragons
  6 porcupines
  A necrophage (D:6)
  3 phantoms
  26 orc warriors
  2 spiders (Snake:1)
  3 black bears
  6 sky beasts
  7 boggarts
  2 slaves (D:8)
  10 crocodiles
  3 wasps
  21 ogres
  A boring beetle (Lair:7)
  2 big kobolds
  7 centaurs
  3 ice beasts
  13 giant frogs
  Blork the orc (D:8)
  7 scorpions
  2 wyvern zombies
  10 wights
  3 killer bees (D:12)
  A crimson imp (D:7)
  3 electric eels
  10 hounds
  A wasp zombie (D:11)
  3 goliath beetles
  2 giant frog zombies
  9 iguanas
  4 jellies
  2 centaur skeletons
  4 giant frog skeletons
  23 orc priests
  19 orc wizards
  A hell rat (Lair:3)
  11 worker ants
  A killer bee zombie (D:10)
  5 sheep
  An ogre zombie (D:12)
  Ijyb (D:5)
  4 hound skeletons
  A hound zombie (D:9)
  14 gnolls
  16 river rats
  20 adders
  A shadow imp (D:12)
  5 giant mites
  4 worms
  2 ufetubi (Orc:4)
  2 adder zombies
  6 giant geckos
  3 oozes
  133 orcs
  2 bat skeletons
  2 bat zombies (D:5)
  7 giant cockroaches
  29 goblins
  15 hobgoblins
  5 jackals
  23 kobolds
  A ball python (Lair:3)
  A ball python skeleton (D:5)
  20 bats
  A giant cockroach zombie (D:3)
  A giant gecko zombie (D:5)
  5 giant newts
  A giant spore (D:7)
  2 goblin skeletons (D:12)
  3 goblin zombies (D:12)
  2 hobgoblin skeletons (D:12)
  A jackal skeleton (D:4)
  3 orc skeletons (D:12)
  3 orc zombies (D:12)
  9 quokkas
  11 rats
  3 ballistomycetes
965 creatures vanquished.

Vanquished Creatures (collateral kills)
  Sojobo (Vaults:4)
  Jory (Vaults:4)
  A lich (Vaults:3)
  A storm dragon (Vaults:4)
  A sphinx (Vaults:4)
  9 greater nagas
  A frost giant (Vaults:4)
  2 fire giants
  4 vault wardens
  Aizul (Snake:4)
  An orc warlord (Orc:4)
  3 very ugly things (Vaults:3)
  4 ironheart preservers
  8 stone giants
  Azrael (Snake:3)
  2 deep elf annihilators (Vaults:2)
  The ghost of Peloso the Blocker, a powerful MiFi of Okawaru (D:13)
  A deep elf death mage (Elf:1)
  A fire dragon (shapeshifter) (D:15)
  An ettin (Orc:4)
  A rakshasa (Vaults:2)
  A fire dragon (Vaults:3)
  22 vault guards
  Fannar (Lair:1)
  5 yaktaur captains
  19 naga warriors
  6 anacondas
  3 centaur warriors
  3 dancing weapons
  6 ogre magi
  A tengu warrior (D:15)
  3 shock serpents
  6 orc high priests (Orc:4)
  5 death yaks
  12 deep elf knights
  Nergalle (Lair:1)
  17 naga sharpshooters
  A salamander mystic (Snake:4)
  3 skeletal warriors
  A golden dragon zombie (Vaults:5)
  2 unseen horrors (D:15)
  6 deep elf summoners
  5 sea snakes (Snake:5)
  3 naga ritualists
  7 ironbrand convokers
  A deep troll (Vaults:3)
  4 mana vipers
  An orc sorcerer (Orc:4)
  A wolf spider zombie (D:15)
  3 hill giants
  A harpy (shapeshifter) (Vaults:2)
  4 harpies (Vaults:1)
  5 cyclopes
  4 deep elf conjurers
  A manticore (D:15)
  A necromancer (Vaults:5)
  4 orc knights
  A wolf spider (Vaults:3)
  15 ugly things
  2 salamanders (Snake:1)
  2 hornets
  A wizard (Vaults:2)
  2 griffons
  A manticore (shapeshifter) (Vaults:5)
  3 elephants (Lair:6)
  4 centaur zombies
  27 naga magi
  An octopode (shapeshifter) (Vaults:1)
  2 guardian serpents
  4 vault sentinels
  2 guardian serpents (shapeshifter)
  28 black mambas
  A rust devil (Orc:4)
  A siren (Lair:3)
  A torpor snail (shapeshifter) (Vaults:5)
  A torpor snail (Lair:8)
  A centaur skeleton (D:12)
  An elf skeleton (Vaults:5)
  2 komodo dragons
  14 yaktaurs
  3 ravens (D:15)
  2 kobold demonologists
  6 demonic crawlers (Elf:1)
  4 freezing wraiths
  A fire drake (Lair:2)
  7 spiny frogs
  3 trolls
  7 deep elf priests
  11 two-headed ogres
  A merfolk (Lair:3)
  Sonja (D:14)
  A wind drake (shapeshifter) (Vaults:4)
  A sphinx simulacrum (Vaults:5)
  A polar bear (Lair:8)
  7 blink frogs
  2 spectral orcs (Lair:1)
  A stone giant simulacrum (Vaults:2)
  A boulder beetle (Vaults:5)
  22 slime creatures
  An ettin skeleton (Vaults:5)
  2 basilisks
  2 ynoxinuls (Orc:4)
  3 shadows
  3 fire elementals (Snake:3)
  8 spriggans
  20 yaks
  14 deep elf magi
  14 redbacks
  3 hungry ghosts
  A tarantella (Elf:1)
  A golden eye (shapeshifter) (Vaults:2)
  A mottled dragon (D:13)
  8 hippogriffs
  17 deep elf fighters
  12 wolves
  3 wargs
  A hell hound (Snake:3)
  8 vampire mosquitoes
  46 nagas
  3 ice beasts
  14 water moccasins
  25 orc warriors
  A phantom (D:12)
  6 porcupines
  2 human zombies (Vaults:2)
  3 spiders (Snake:1)
  A black bear (Lair:8)
  4 centaurs
  6 boggarts
  A necrophage (D:8)
  6 crocodiles
  33 ogres
  2 wasps (Lair:8)
  A boggart (shapeshifter) (Vaults:1)
  6 big kobolds
  3 giant frogs
  A human skeleton (Vaults:2)
  A glowing shapeshifter simulacrum (Vaults:5)
  A scorpion (D:13)
  A wyvern skeleton (D:15)
  5 killer bees (D:12)
  3 troll zombies (D:12)
  A wight (Lair:6)
  3 electric eels
  A human simulacrum (Vaults:2)
  2 jellies (Lair:8)
  A crimson imp (D:14)
  4 hounds
  12 orc priests
  12 hell rats (Elf:1)
  14 orc wizards
  2 worker ants
  5 iguanas
  11 sheep
  2 ogre zombies (D:12)
  14 river rats
  8 adders
  2 shadow imps
  2 ufetubi (Orc:4)
  2 oozes (Lair:8)
  155 orcs
  A ball python (Lair:3)
  A hobgoblin (Orc:2)
  7 kobolds
  2 bats
  10 goblins
  A hobgoblin zombie (D:12)
  An orc skeleton (D:12)
  4 orc zombies (D:12)
  A ballistomycete (D:13)
  4 butterflies
  31 fungi
  16 plants
1043 creatures vanquished.

Vanquished Creatures (others)
  4 ghouls
  A very ugly thing zombie (Vaults:3)
  5 death cobs
  A naga sharpshooter (Snake:5)
  7 skeletal warriors
  4 flayed ghosts
  A raven (D:15)
  6 phantasmal warriors
  A naga mage (Snake:5)
  A death yak zombie (Lair:6)
  A ghoul skeleton (Snake:5)
  2 human zombies (Vaults:5)
  A boulder beetle (Vaults:3)
  12 flying skulls
  8 vampires
  A black mamba zombie (Snake:5)
  3 wraiths
  A deep elf fighter (Vaults:1)
  19 naga zombies (Snake:5)
  A slave (D:8)
  A crocodile (Lair:8)
  4 wolf zombies (Lair:1)
  2 wights
  2 two-headed ogre zombies
  A giant frog zombie (Lair:7)
  7 elf zombies
  An orc wizard (Orc:4)
  A sky beast zombie (D:10)
  3 ogre zombies (Vaults:3)
  A mummy (D:8)
  A shadow imp (D:8)
  A goliath beetle zombie (D:8)
  2 giant spores
  2 gnoll zombies (D:6)
  A goblin zombie (Orc:4)
  15 orc zombies
  11 fungi
  22 plants
158 creatures vanquished.

Grand Total: 2166 creatures vanquished

Notes
Turn   | Place    | Note
--------------------------------------------------------------
     0 | D:1      | Kloppie, the Formicid Fighter, began the quest for the Orb.
     0 | D:1      | Reached XP level 1. HP: 18/18 MP: 1/1
   160 | D:1      | Found a roughly hewn altar of Beogh.
   160 | D:1      | Noticed an orc wizard
   160 | D:1      | Noticed an orc warrior
   165 | D:1      | Reached XP level 2. HP: 22/24 MP: 3/3
   677 | D:1      | Reached skill level 4 in Fighting
   853 | D:1      | Reached XP level 3. HP: 27/30 MP: 4/4
  1275 | D:2      | Reached XP level 4. HP: 19/38 MP: 5/5
  1903 | D:3      | Reached XP level 5. HP: 36/43 MP: 7/7
  1907 | D:3      | Reached skill level 5 in Fighting
  2075 | D:3      | Found a stormy altar of Qazlal.
  2793 | D:3      | Reached XP level 6. HP: 45/51 MP: 8/8
  3095 | D:4      | Found a staircase to the Ecumenical Temple.
  3107 | Temple   | Entered the Ecumenical Temple
  3164 | Temple   | Became a worshipper of Yredelemnul the Dark
  3224 | D:4      | Reached skill level 6 in Fighting
  3789 | D:4      | Reached skill level 5 in Maces & Flails
  3789 | D:4      | Reached XP level 7. HP: 48/59 MP: 9/9
  4139 | D:4      | Reached skill level 7 in Fighting
  4303 | D:4      | Reached XP level 8. HP: 40/67 MP: 11/11
  4936 | D:5      | Entered Level 5 of the Dungeon
  5037 | D:5      | Acquired Yredelemnul's first power
  5119 | D:5      | Noticed Menkaure
  5125 | D:5      | Killed Menkaure
  5147 | D:5      | Reached skill level 8 in Fighting
  5244 | D:5      | Noticed Ijyb
  5245 | D:5      | Found a shattered altar of Ashenzari.
  5259 | D:5      | Killed Ijyb
  5343 | D:5      | Got a smelly leather armour
  5344 | D:5      | Identified the +1 leather armour "Schiadgh" {Regen+ Int+4 Stlth-} (You found it on level 5 of the Dungeon)
  6161 | D:5      | Reached XP level 9. HP: 70/75 MP: 12/12
  6195 | D:5      | Reached skill level 9 in Fighting
  6443 | D:5      | Found an ancient bone altar of Kikubaaqudgha.
  6655 | D:6      | Found a burning altar of Makhleb.
  6798 | D:6      | Found Vukaygoewn's Magic Scroll Shoppe.
  6803 | D:6      | Bought a scroll of fear for 49 gold pieces
  6803 | D:6      | Bought a scroll of noise for 14 gold pieces
  6940 | D:6      | Found a radiant altar of Vehumet.
  6940 | D:6      | Found a blossoming altar of Fedhas.
  6941 | D:6      | Found a shimmering altar of Xom.
  7116 | D:6      | Reached skill level 10 in Fighting
  7267 | D:6      | Acquired Yredelemnul's second power
  8452 | D:8      | Reached XP level 10. HP: 58/85 MP: 13/13
  8483 | D:8      | Noticed Gastronok
  9152 | D:7      | Reached skill level 5 in Armour
  9431 | D:7      | Reached skill level 10 in Maces & Flails
  9539 | D:8      | Reached skill level 1 in Invocations
  9597 | D:8      | You fall through a shaft for 2 floors!
  9597 | D:10     | Entered Level 10 of the Dungeon
  9645 | D:10     | Noticed a hill giant
  9655 | D:10     | Killed a hill giant
 10194 | D:10     | Noticed a green ugly thing
 10234 | D:9      | HP: 3/85 [slime creature (8)]
 10561 | D:9      | Reached skill level 5 in Invocations
 10780 | D:9      | Reached XP level 11. HP: 46/91 MP: 22/22
 10959 | D:9      | Acquired Yredelemnul's third power
 11113 | D:9      | Noticed Edmund
 11139 | D:9      | Killed Edmund
 11390 | D:8      | Noticed Blork the orc
 11394 | D:8      | Noticed Pikel
 11407 | D:8      | Killed Blork the orc
 11427 | D:8      | Killed Pikel
 11886 | D:8      | Killed Gastronok
 12265 | D:9      | Found a bloodstained altar of Trog.
 12361 | D:9      | Reached skill level 10 in Armour
 12361 | D:9      | Received a gift from Yredelemnul
 13037 | D:11     | Reached skill level 5 in Shields
 13068 | D:11     | Noticed an unseen horror
 13104 | D:11     | Killed an unseen horror
 13617 | D:11     | Acquired Yredelemnul's fourth power
 13617 | D:11     | Reached XP level 12. HP: 33/97 MP: 25/25
 13904 | D:11     | Found a staircase to the Lair.
 14141 | Lair:1   | Entered Level 1 of the Lair of Beasts
 14193 | Lair:1   | Reached skill level 11 in Maces & Flails
 14217 | Lair:1   | Received a gift from Yredelemnul
 14269 | Lair:1   | Noticed Fannar
 14284 | Lair:1   | Killed Fannar
 14576 | Lair:1   | Noticed Nergalle
 14578 | Lair:1   | Noticed a spectral orc warlord
 14605 | Lair:1   | Noticed a spectral orc warlord
 14608 | Lair:1   | Killed Nergalle
 15082 | Lair:1   | Received a gift from Yredelemnul
 16171 | Lair:2   | Reached skill level 12 in Maces & Flails
 16673 | Lair:3   | Got a crude glass ring
 16800 | Lair:3   | Received a gift from Yredelemnul
 16913 | Lair:3   | Found a staircase to the Snake Pit.
 16982 | Lair:3   | Found a staircase to the Shoals.
 16991 | Lair:3   | Reached XP level 13. HP: 97/106 MP: 26/26
 17124 | Lair:3   | Acquired Yredelemnul's fifth power
 17289 | Lair:3   | Identified the ring of Piecakeo {rF- rC+ AC+4 Dex+2 SInv} (You found it on level 3 of the Lair of Beasts)
 17668 | Lair:4   | Received a gift from Yredelemnul
 18430 | Lair:4   | Reached skill level 13 in Maces & Flails
 18884 | Lair:5   | Received a gift from Yredelemnul
 19228 | Lair:5   | Received a gift from Yredelemnul
 19865 | Lair:6   | Noticed Erica
 19874 | Lair:6   | Killed Erica
 21715 | Lair:6   | Reached XP level 14. HP: 55/118 MP: 27/29
 23455 | Lair:7   | Reached skill level 14 in Maces & Flails
 23574 | Lair:7   | Got a pair of spiked gloves
 23575 | Lair:7   | Identified the cursed -1 pair of gloves "Woiveako" {rN+ Str+5 Stlth-} (You found it on level 7 of the Lair of Beasts)
 24670 | D:12     | Found a staircase to the Orcish Mines.
 25052 | D:12     | Received a gift from Yredelemnul
 25547 | Orc:1    | Entered Level 1 of the Orcish Mines
 25725 | Orc:1    | Received a gift from Yredelemnul
 26091 | Orc:2    | Received a gift from Yredelemnul
 26583 | Orc:1    | Received a gift from Yredelemnul
 26920 | Orc:3    | Received a gift from Yredelemnul
 27190 | Orc:3    | Received a gift from Yredelemnul
 27673 | Orc:4    | Entered Level 4 of the Orcish Mines
 27686 | Orc:4    | Received a gift from Yredelemnul
 27765 | Orc:4    | Reached skill level 15 in Fighting
 27948 | Orc:4    | Received a gift from Yredelemnul
 28109 | Orc:4    | Received a gift from Yredelemnul
 28239 | Orc:4    | Found a staircase to the Elven Halls.
 28572 | Orc:4    | Noticed an orc warlord
 28580 | Orc:4    | Killed an orc warlord
 28585 | Orc:4    | Found a roughly hewn altar of Beogh.
 28623 | Orc:4    | Found Efummu Pouwk's Weapon Shop.
 28657 | Orc:4    | Found Shurejy's Book Boutique.
 28770 | Orc:4    | Reached XP level 15. HP: 72/129 MP: 29/29
 29224 | Orc:4    | Received a gift from Yredelemnul
 29245 | Orc:4    | Found a roughly hewn altar of Beogh.
 29552 | Orc:4    | Found Wacax's Jewellery Boutique.
 29556 | Orc:4    | Bought a cursed -3 ring of slaying for 26 gold pieces
 29565 | Orc:4    | Found Guar Ent's Antique Armour Shop.
 29578 | Orc:4    | Bought a bloodstained chain mail for 256 gold pieces
 29578 | Orc:4    | Bought a warped scale mail for 243 gold pieces
 29677 | Orc:4    | Identified the +3 chain mail "Psef" {rC+ Int+3} (You bought it in a shop on level 4 of the Orcish Mines)
 29678 | Orc:4    | Identified the cursed -4 scale mail of Magic {+Inv Str+6 Int-3} (You bought it in a shop on level 4 of the Orcish Mines)
 30366 | Lair:8   | Entered Level 8 of the Lair of Beasts
 30467 | Lair:8   | Found a staircase to the Slime Pits.
 30483 | Lair:8   | Received a gift from Yredelemnul
 30782 | Lair:8   | Got a smoking falchion
 30848 | Lair:8   | Received a gift from Yredelemnul
 30931 | Lair:8   | Received a gift from Yredelemnul
 31159 | Lair:8   | Received a gift from Yredelemnul
 31255 | Lair:8   | Got a heavily runed scale mail
 31260 | Lair:8   | Identified the +2 scale mail of Fashionability {rF- Dex+8 Stlth+} (You found it on level 8 of the Lair of Beasts)
 31262 | Lair:8   | Identified the +12 falchion of Terra Cotta {vamp, Str+2} (You found it on level 8 of the Lair of Beasts)
 31375 | Lair:8   | Received a gift from Yredelemnul
 31712 | Snake:1  | Entered Level 1 of the Snake Pit
 31734 | Snake:1  | Reached skill level 15 in Armour
 32016 | Snake:1  | Reached skill level 1 in Dodging
 33580 | Snake:2  | Received a gift from Yredelemnul
 33676 | Snake:2  | Reached skill level 5 in Dodging
 33683 | Snake:2  | Noticed a greater naga
 33693 | Snake:2  | Killed a greater naga
 33901 | Snake:2  | Found Satreid's Food Shoppe.
 34242 | Snake:2  | Reached XP level 16. HP: 67/136 MP: 30/30
 35110 | Snake:3  | Received a gift from Yredelemnul
 35641 | Snake:3  | Noticed Azrael
 35645 | Snake:3  | Reached skill level 10 in Shields
 35649 | Snake:3  | Killed Azrael
 36314 | Snake:4  | Noticed Aizul
 36329 | Snake:4  | Killed Aizul
 36554 | Snake:4  | Received a gift from Yredelemnul
 37395 | Snake:4  | Noticed Roxanne
 37411 | Snake:4  | Killed Roxanne
 37524 | Snake:4  | Received a gift from Yredelemnul
 37761 | Snake:5  | Entered Level 5 of the Snake Pit
 39043 | Snake:5  | Received a gift from Yredelemnul
 39111 | Snake:5  | Received a gift from Yredelemnul
 39280 | Snake:5  | Received a gift from Yredelemnul
 39301 | Snake:5  | Reached XP level 17. HP: 54/142 MP: 29/31
 39313 | Snake:5  | Received a gift from Yredelemnul
 39676 | Snake:5  | Got a serpentine rune of Zot
 40541 | D:13     | Reached skill level 10 in Dodging
 40559 | D:13     | Killed a green ugly thing
 40689 | D:13     | Killed Peloso's ghost
 40815 | D:13     | Found a gate to the Vaults.
 40837 | D:13     | Received a gift from Yredelemnul
 41682 | D:14     | Received a gift from Yredelemnul
 41974 | D:14     | Noticed Sonja
 41989 | D:14     | Killed Sonja
 42102 | D:15     | Entered Level 15 of the Dungeon
 42388 | D:15     | Found a staircase to the Depths.
 42410 | D:15     | Found an iron altar of Okawaru.
 42690 | D:15     | Received a gift from Yredelemnul
 43220 | Elf:1    | Entered Level 1 of the Elven Halls
 43361 | Elf:1    | Received a gift from Yredelemnul
 43470 | Elf:1    | Reached skill level 15 in Shields
 43487 | Elf:1    | Received a gift from Yredelemnul
 43524 | Elf:1    | Identified the Volume of Summoning
 43760 | Elf:1    | Reached skill level 10 in Invocations
 43913 | Elf:1    | Received a gift from Yredelemnul
 43995 | Elf:1    | Found a deep blue altar of Sif Muna.
 44009 | Elf:1    | Reached XP level 18. HP: 126/149 MP: 32/32
 44422 | Elf:2    | Received a gift from Yredelemnul
 44814 | Elf:2    | Found a runed gate.
 44815 | Elf:2    | Found a runed gate.
 44817 | Elf:2    | Found a runed gate.
 45013 | Elf:2    | Found a shimmering altar of Xom.
 45035 | Elf:2    | Received a gift from Yredelemnul
 45969 | Vaults:1 | Entered Level 1 of the Vaults
 46088 | Vaults:1 | Received a gift from Yredelemnul
 46255 | Vaults:1 | Received a gift from Yredelemnul
 47790 | Vaults:2 | Received a gift from Yredelemnul
 48096 | Vaults:2 | Received a gift from Yredelemnul
 48267 | Vaults:2 | Found a staircase to the Crypt.
 48747 | Vaults:2 | Found Ghesm's Gadget Shoppe.
 49181 | Vaults:3 | Received a gift from Yredelemnul
 49641 | Vaults:3 | Reached XP level 19. HP: 155/155 MP: 34/34
 50169 | Vaults:3 | Found Daawuw's Magic Scroll Emporium.
 50265 | Vaults:3 | Received a gift from Yredelemnul
 50567 | Vaults:3 | Received a gift from Yredelemnul
 50593 | Vaults:3 | Reached skill level 15 in Dodging
 51066 | Vaults:3 | Reached skill level 1 in Crossbows
 51345 | Vaults:4 | Received a gift from Yredelemnul
 51763 | Vaults:4 | Reached skill level 5 in Crossbows
 52031 | Vaults:4 | Noticed Jory
 52041 | Vaults:4 | Killed Jory
 52162 | Vaults:4 | Noticed Sojobo
 52168 | Vaults:4 | Killed Sojobo
 52987 | Vaults:5 | Entered Level 5 of the Vaults
 52996 | Vaults:5 | Received a gift from Yredelemnul
 53001 | Vaults:5 | Reached XP level 20. HP: 161/163 MP: 15/35
 53008 | Vaults:5 | Reached skill level 16 in Fighting
 53173 | Vaults:5 | Noticed a tentacled monstrosity
 53173 | Vaults:5 | Noticed a golden dragon
 53195 | Vaults:5 | Killed from afar by a golden dragon

Action                   |  1- 3 |  4- 6 |  7- 9 | 10-12 | 13-15 | 16-18 | 19-21 || total
-------------------------+-------+-------+-------+-------+-------+-------+-------++-------
Melee: Flail             |   119 |   235 |   590 |   838 |  1485 |       |       ||  3267
       Dire flail        |       |       |       |       |   424 |  1211 |   403 ||  2038
Invok: Animate Remains   |       |       |     3 |     2 |       |       |       ||     5
       Animate Dead      |       |       |       |     8 |    15 |    24 |    14 ||    61
       Drain Life        |       |       |       |       |     3 |       |     5 ||     8
       Recall Undead Sla |       |       |       |       |     2 |     1 |     1 ||     4
       Injury Mirror     |       |       |       |       |     1 |       |       ||     1
       Enslave Soul      |       |       |       |       |       |     1 |     2 ||     3
 Abil: Dig               |       |     1 |     1 |     3 |     9 |    19 |     1 ||    34
Evoke: Wand              |       |       |     1 |       |       |       |       ||     1
  Use: Scroll            |       |       |    14 |     9 |    13 |     5 |       ||    41
       Potion            |       |       |       |     4 |     3 |     4 |       ||    11
 Stab: Distracted        |       |       |       |     3 |    19 |    18 |     8 ||    48
       Confused          |       |       |       |       |       |     1 |       ||     1
  Eat: Chunk             |     1 |     9 |    16 |    22 |    41 |    23 |     4 ||   116
       Beef jerky        |       |       |       |     4 |     4 |     1 |     1 ||    10
       Fruit             |       |       |       |     1 |     7 |     2 |       ||    10
       Bread ration      |       |       |       |       |     1 |     5 |       ||     6
       Meat ration       |       |       |       |       |       |     2 |     1 ||     3
